← All builds
Front / Armada / Economy first / OBSERVED BUILD

Standard front

Standard economy-first Front play: Bot Lab and Vehicle Plant almost immediately, Advanced Metal Extractor around 9 minutes, with a mixed T1 army of Blitz, Rocketeer, Pawn and Janus sent to hold the wider gap and then middle.

#eco · 935 distinct matches · 127 players · 75% of Armada Front games · team won 63% of 1063 · Recently observed

HOW TO PLAY IT

Key timing: Vehicle Plant by 0:47

  1. Open 3 mex then Bot Lab and Vehicle Plant almost together.
  2. Layer wind while both labs start producing.
  3. Send early units to coast first to stop leaks, not middle.
  4. Add Construction Turrets as "Blitz", "Rocketeer", "Janus" mix builds up.
  5. Transition into Advanced Metal Extractor once T2 con is out.

Phase by phase

TYPICAL OF ITS 935 GAMES
  1. 1
  2. 2
  3. 3
PLAY THE OPENING

Follow the example game's first 6:00 step by step: what to build now, what comes next, and where it goes. At 1× it keeps pace with your own game.

  1. 1

    Up to the Bot Lab

    Economy
    • Metal Extractor2Mex
    • Wind Turbine1Wind
    Order
    1. Bot LabBot Lab after 3 mex, 1 winddone ~0:45, middle half 0:35–8:30

    Some games also: Vehicle Plant (41%)

    By 0:28 in all: 2 mex · 1 wind

    The example game in this phase · 93 steps
    1. Vehicle PlantVehicle Plantdone 0:22 · typical 0:47
    2. RoverScout
    3. Wind
    4. RoverScout ×2
    5. Construction VehicleCon vehicle
    6. Wind
    7. Mex ×2
    8. Construction VehicleCon vehicle
    9. Mex
    10. JanusJanus
    11. Mex
    12. JanusJanus
    13. Mex
    14. Construction VehicleCon vehicle
    15. JanusJanus
    16. Mex
    17. JanusJanus ×3
    18. BlitzBlitz
    19. Wind
    20. BlitzBlitz
    21. Wind ×2
    22. BlitzBlitz
    23. Wind
    24. Energy storage
    25. BlitzBlitz
    26. Con turret
    27. BlitzBlitz ×2
    28. Con turret
    29. BlitzBlitz
    30. Radar TowerRadar Tower
    31. Wind ×2
    32. BlitzBlitz
    33. Wind
    34. BlitzBlitz
    35. Wind
    36. BlitzBlitz
    37. Wind
    38. BlitzBlitz
    39. Wind
    40. BlitzBlitz
    41. Wind
    42. BlitzBlitz
    43. Wind
    44. BlitzBlitz
    45. Con turret
    46. BlitzBlitz ×2
    47. Con turret
    48. Wind
    49. BlitzBlitz
    50. Wind ×3
    51. BlitzBlitz
    52. Wind ×3
    53. BlitzBlitz
    54. Wind ×2
    55. BlitzBlitz
    56. Wind ×2
    57. SentrySentry
    58. BlitzBlitz
    59. Con turret
    60. Wind
    61. BlitzBlitz
    62. Wind ×2
    63. BlitzBlitz
    64. Wind
    65. Con turret
    66. BlitzBlitz
    67. Con turret
    68. BlitzBlitz ×3
    69. Wind
    70. BlitzBlitz
    71. Wind
    72. BlitzBlitz
    73. Wind
    74. BlitzBlitz
    75. Wind
    76. BlitzBlitz
    77. Wind
    78. BlitzBlitz
    79. Wind
    80. BlitzBlitz
    81. Wind
    82. BlitzBlitz
    83. SentrySentry
    84. Wind
    85. BlitzBlitz
    86. Advanced Metal ExtractorT2 mexnot finished by 15:00 · typical 8:52
    87. SentrySentry
    88. Advanced Metal ExtractorT2 mex
    89. Con turret
    90. SentrySentry
    91. Radar TowerRadar Tower
    92. Con turret
    93. Bot LabBot Labnot finished by 15:00 · typical 0:45
  2. 2

    Bot Lab to 5:00

    Economy
    • Metal Extractor4Mex
    • Wind Turbine3Wind
    Army
    • Sentry1 Sentry

    Some games also: rocketeer (46%) · con bot (45%) · Lazarus (44%) · tick (40%) · centurion (37%)

    By 5:00 in all: 6 mex · 7 wind

  3. 3

    5:00 to 10:00

    Economy
    • Metal Extractor1Mex
    • Wind Turbine14Wind
    Builders
    • Construction Turret2 Con turret
    Army
    • Sentry1 Sentry

    Some games also: energy storage (46%) · blitz (39%) · rocketeer (39%) · pawn (36%) · Lazarus (35%)

    By 10:00 in all: 7 mex · 25 wind · 1 energy storage · 3 con turret

Counts are medians over the build's games: half of them build more, half fewer. The example game is haaven's (45 OS, 24/09/2026); pick another.

Team trades

IN AT LEAST 30% OF ITS GAMES

You hand over

Nothing regular.

You get

  • Tidal Generator4 Tidal from Pondfirst at 0:18 · in 68% of games
  • Advanced Construction Bot1 T2 con bot from Geo or Techfirst at 7:17 · in 67% of games

How it plays out

Typical game of this build, running totals by minute

Metal produced

010k20k30k
0:005:0010:0015:00

metal

Enemy metal destroyed

05k10k
0:005:0010:0015:00

metal

Own metal lost

05k10k
0:005:0010:0015:00

metal

1063 games.

Show as table
ByMetal produced: This buildEnemy metal destroyed: This buildOwn metal lost: This build
1:0033300
2:008462131
3:001624140105
4:002712540333
5:0038681188813
6:00507620991526
7:00631429842459
8:00766238713365
9:00908746324312
10:001066653085060
11:001260858195701
12:001481563136521
13:001744069817256
14:002018375848093
15:002263083948939
WHAT THE NUMBERS SAY

Standard Front play wins more often than suicide front and produces more metal by 15:00, reflecting its safer positioning.

  • + Metal produced reaches 22219 by 15:00, above suicide front's 19882
  • + Own losses of 8949 stay under enemy metal destroyed's near-equal 8347
  • − First unit lost by 1:44 shows exposure even from the safer side
  • − Wider gap to defend demands disciplined coast-then-mid unit movement
THE EXAMPLE YOU ARE READING

haaven

44.9 OS · 24/09/2026

Open source match ↗

7 received units · includes a constructor
371 metal received · 26267 energy received

Allied construction assistance is unknown. Timings are observations, not a promise of solo reproducibility.

Typical milestones

Bot Lab0:45Middle 50%: 0:35–8:30 · n=670
Vehicle Plant0:47Middle 50%: 0:37–0:59 · n=753
Advanced Metal Extractor8:52Middle 50%: 8:00–10:03 · n=845

Played most by

Hummell91games of this buildhaaven82games of this buildLeohvm79games of this buildXad62games of this buildImmort36games of this build
Standard front · Armada Front build order · BAR Build Atlas